 Dungeon Crawl Stone Soup version 0.22-a0-467-g5c5de1cb09 (webtiles) character file.

6258 RedPan the Nimble (level 10, -1/47 HPs)
             Began as a Spriggan Enchanter on June 8, 2018.
             Was a Priest of Kikubaaqudgha.
             Slain by an orc knight
             ... wielding a +1 great sword
              (34 damage)
             ... on level 9 of the Dungeon on June 10, 2018.
             The game lasted 00:42:03 (10860 turns).

RedPan the Nimble (Spriggan Enchanter)             Turns: 10860, Time: 00:42:04

Health: -1/47      AC:  3    Str:  4    XL:     10   Next: 62%
Magic:  18/32      EV: 25    Int: 20    God:    Kikubaaqudgha [***...]
Gold:   433        SH:  0    Dex: 17    Spells: 10/25 levels left

rFire    . . .     SeeInvis +   z - +2 rapier (venom)
rCold    . . .     Gourm    .   (shield restricted)
rNeg     . . .     Faith    .   b - +1 robe
rPois    +         Spirit   .   (helmet restricted)
rElec    .         Reflect  .   D - scarf {cloud immunity}
rCorr    .         Harm     .   (gloves unavailable)
MR       +....                  (boots unavailable)
Stlth    ++++......             (no amulet)
HPRegen  0.15/turn              y - ring of poison resistance
MPRegen  0.23/turn              v - ring of magical power

@: very quick
A: very small, unfitting armour, see invisible, herbivore, speed 3, slow
metabolism 2
a: Receive Corpses, Renounce Religion


You were on level 9 of the Dungeon.
You worshipped Kikubaaqudgha.
Kikubaaqudgha was most pleased with you.
You were hungry.

You visited 2 branches of the dungeon, and saw 11 of its levels.
You also visited: Ossuary.

You collected 433 gold pieces.

Inventory:

Hand Weapons
 a - a +2 dagger
 z - a +2 rapier of venom (weapon)
 B - a +2 short sword of electrocution
 I - the +7 whip of Contention {slash, rPois Stlth+}
   (You found it on level 9 of the Dungeon)

   It inflicts extra damage upon your enemies.
   It protects you from poison.
   It makes you more stealthy.
Missiles
 s - 32 poisoned needles
Armour
 b - a +1 robe (worn)
 l - a +0 cloak
 D - a scarf of cloud immunity (worn)
Jewellery
 r - an uncursed ring of stealth
 v - a ring of magical power (right hand)
 y - a ring of poison resistance (left hand)
Wands
 k - a wand of polymorph (16)
 t - a wand of disintegration (11)
 u - a wand of random effects (32)
 x - a wand of iceblast (15)
 G - a wand of flame (25)
 H - a wand of paralysis (8)
Scrolls
 c - 6 scrolls of teleportation
 j - 3 scrolls of fear
 m - a scroll of fog
 p - 2 scrolls of enchant armour
 q - 6 scrolls of remove curse
 A - 2 scrolls of enchant weapon
 C - 3 scrolls of blinking
 E - a scroll of silence
 F - a scroll of noise {unknown}
 J - a scroll of amnesia
Potions
 e - 3 potions of invisibility
 f - a potion of cancellation
 g - 2 potions of brilliance
 h - 5 potions of haste
 i - 4 potions of mutation
 n - 3 potions of curing
 o - 2 potions of heal wounds
 w - a potion of magic
Comestibles
 d - 17 rations


   Skills:
 + Level 2.5 Fighting
 - Level 8.1 Short Blades
 + Level 9.9 Dodging
 + Level 8.6 Stealth
 - Level 8.3 Spellcasting
 - Level 7.0 Hexes
 + Level 6.7 Necromancy
 - Level 3.1 Evocations


You had 10 spell levels left.
You knew the following spells:

 Your Spells              Type           Power        Failure   Level  Hunger
a - Corona                Hex            #####..      1%          1    None
b - Ensorcelled Hibernat  Hex/Ice        ###...       3%          2    None
c - Confuse               Hex            #####...     1%          3    None
d - Tukima's Dance        Hex            #####...     1%          3    None
e - Animate Skeleton      Necr           N/A          1%          1    None
f - Pain                  Necr           ####         1%          1    None
g - Animate Dead          Necr           N/A          5%          4    ###....

Your spell library contained the following spells:

 Spells                   Type           Power        Failure   Level  Hunger
 Bolt of Draining         Conj/Necr      ###.......   50%         5    #####..
 Dispel Undead            Necr           #####...     14%         5    #####..
 Regeneration             Chrm/Necr      ###.......   6%          3    None
 Sublimation of Blood     Necr           #####.....   1%          2    None
 Excruciating Wounds      Chrm/Necr      ###.......   50%         5    #####..
 Dazzling Spray           Conj/Hex       ###...       6%          3    None
 Borgnjor's Vile Clutch   Necr/Erth      ###.......   50%         5    #####..


Dungeon Overview and Level Annotations

Branches:
Dungeon (10/15)            Temple (1/1) D:4            Lair (0/6) D:8
    Orc: D:9-12

Altars:
Ashenzari
Cheibriados
Dithmenos
Elyvilon
Fedhas
Gozag
Hepliaklqana
Kikubaaqudgha
Makhleb
Nemelex Xobeh
Okawaru
Qazlal
Ru
Sif Muna
Trog
Uskayaw
Vehumet
Wu Jian
Xom
Yredelemnul
Zin
The Shining One

Annotations:
D:6 exclusions: orc and 2 more exclusions


Innate Abilities, Weirdness & Mutations

You are very small and have problems with some larger weapons.
You are too small for most types of armour.
You have supernaturally acute eyesight. (SInv)
You are a herbivore.
You cover ground extremely quickly.
You need to consume almost no food.


Message History

Press: ? - help, Shift-Dir - straight line, f/p - orc knight
Aim: an orc knight, wielding an enchanted great sword and wearing a chain mail (chance to defeat MR: 34%)
The orc knight easily resists.
The orc knight hits you with an enchanted great sword!
Casting: Ensorcelled Hibernation (safe; 3% risk of failure)
Confirm with . or Enter, or press ? or * to list all spells.
Aiming: Ensorcelled Hibernation (safe; 3% risk of failure)
Press: ? - help, Shift-Dir - straight line, f/p - orc knight
Aim: an orc knight, wielding an enchanted great sword and wearing a chain mail (chance to defeat MR: 34%)
The orc knight easily resists.
The orc knight completely misses you.
Casting: Ensorcelled Hibernation (safe; 3% risk of failure)
Confirm with . or Enter, or press ? or * to list all spells.
Aiming: Ensorcelled Hibernation (safe; 3% risk of failure)
Press: ? - help, Shift-Dir - straight line, f/p - orc knight
Aim: an orc knight, wielding an enchanted great sword and wearing a chain mail (chance to defeat MR: 34%)
The orc knight easily resists.
The orc knight hits you with an enchanted great sword!!
Ouch! That really hurt!
You die...
Kikubaaqudgha rasps: "You have failed me!
Welcome... death!"

#....####.......# #..<...
##.....# ###.....#####.....
#### #......##
##...###........
#..###.......##
##...(...#.....
##...#........#
###..#####....
##...........# ###....###
##...
##......(...###........##
###.
###........#...........###
##
#........)@o...........##
#.........##............###
#.(.....###(............).#
##.....###.............#...
####..# #.............###.
#..# ##...........## ##
#### ###........## #
##....>.## ########


You could see an orc knight.

Vanquished Creatures
  A two-headed ogre (D:9)
  An unseen horror (D:10)
  A troll (D:10)
  Prince Ribbit (D:6)
  Eustachio (D:4)
  A wyvern (D:9)
  2 wraiths (Ossuary)
  A warg (D:9)
  Duvessa (D:7)
  4 orc warriors
  A black bear (D:9)
  An ice beast (D:8)
  3 phantoms
  A necrophage (D:4)
  3 sky beasts
  3 ogres
  2 centaurs
  Blork the orc (D:5)
  6 bullfrogs
  Dowan (D:7)
  A scorpion (D:4)
  6 killer bees (D:8)
  10 wights
  A centaur zombie (D:7)
  2 crimson imps
  A bullfrog zombie (D:9)
  6 hounds
  A jelly (D:8)
  A bullfrog skeleton (D:8)
  5 orc priests
  3 iguanas
  2 orc wizards
  3 worker ants
  A hound skeleton (D:9)
  A mummy (D:5)
  3 gnolls
  12 adders
  An ooze (D:1)
  An adder zombie (Ossuary)
  2 adder skeletons
  2 worms
  A dart slug (D:3)
  4 leopard geckos
  23 orcs
  4 giant cockroaches
  9 hobgoblins
  8 jackals
  7 kobolds
  2 quokkas
  2 ball python skeletons (Ossuary)
  A ball python zombie (D:5)
  4 bats
  9 frilled lizards
  7 goblins
  5 hobgoblin skeletons (Ossuary)
  A hobgoblin zombie (Ossuary)
  A jackal zombie (D:7)
  An orc zombie (Ossuary)
  A quokka zombie (D:5)
  10 rats
201 creatures vanquished.

Vanquished Creatures (collateral kills)
  3 orcs (D:6)
3 creatures vanquished.

Grand Total: 204 creatures vanquished

Notes
Turn   | Place    | Note
-------+----------+-------------------------------------------
     0 | D:1      | RedPan the Spriggan Enchanter began the quest for the Orb.
     0 | D:1      | Reached XP level 1. HP: 9/9 MP: 5/5
   286 | D:1      | Reached XP level 2. HP: 11/13 MP: 6/6
   290 | D:1      | Learned a level 2 spell: Ensorcelled Hibernation
  1022 | D:2      | Reached skill level 5 in Stealth
  1022 | D:2      | Reached XP level 3. HP: 15/16 MP: 8/8
  1400 | D:2      | Reached XP level 4. HP: 21/21 MP: 9/9
  1426 | D:2      | Reached skill level 5 in Hexes
  1440 | D:2      | Learned a level 3 spell: Confuse
  1444 | D:2      | Learned a level 3 spell: Tukima's Dance
  1604 | D:2      | Noticed a bullfrog
  1611 | D:2      | Killed a bullfrog
  1611 | D:2      | Reached XP level 5. HP: 24/24 MP: 6/11
  2831 | D:3      | Found an ancient bone altar of Kikubaaqudgha.
  2831 | D:3      | Found a blossoming altar of Fedhas.
  2836 | D:3      | Became a worshipper of Kikubaaqudgha
  3228 | D:4      | Noticed Eustachio
  3284 | D:4      | Killed Eustachio
  3284 | D:4      | Reached XP level 6. HP: 22/28 MP: 8/13
  3462 | D:4      | Found a shadowy altar of Dithmenos.
  3462 | D:4      | Found a sacrificial altar of Ru.
  3641 | D:4      | Found a staircase to the Ecumenical Temple.
  3667 | D:4      | Reached XP level 7. HP: 31/31 MP: 11/14
  3675 | Temple   | Entered the Ecumenical Temple
  4104 | D:5      | Entered Level 5 of the Dungeon
  4172 | D:5      | Reached skill level 5 in Spellcasting
  4172 | D:5      | Reached skill level 1 in Necromancy
  4461 | D:5      | Reached * piety under Kikubaaqudgha
  4461 | D:5      | Identified Kikubaaqudgha's Reference Book on Darkness (Kikubaaqudgha gifted it to you on level 5 of the Dungeon)
  4461 | D:5      | Received a gift from Kikubaaqudgha
  4581 | D:5      | Noticed Blork the orc
  4588 | D:5      | Killed Blork the orc
  4977 | D:5      | Found a sand-covered staircase.
  4985 | Ossuary  | Entered an ossuary
  5082 | Ossuary  | Noticed a wraith
  5082 | Ossuary  | Noticed a flying skull
  5088 | Ossuary  | Noticed a flying skull
  5093 | Ossuary  | Noticed a flying skull
  5139 | Ossuary  | Noticed a wraith
  5154 | Ossuary  | Killed a wraith
  5154 | Ossuary  | Reached XP level 8. HP: 18/36 MP: 18/18
  5481 | D:6      | Reached skill level 5 in Short Blades
  5732 | D:6      | Learned a level 1 spell: Animate Skeleton
  5734 | D:6      | Learned a level 1 spell: Pain
  5736 | D:6      | Noticed Prince Ribbit
  5774 | D:6      | Killed Prince Ribbit
  5863 | D:5      | Reached ** piety under Kikubaaqudgha
  6047 | D:6      | Found a hazy altar of Hepliaklqana.
  6047 | D:6      | Found an iron altar of Okawaru.
  6071 | D:6      | Found a burning altar of Makhleb.
  6596 | D:6      | Reached XP level 9. HP: 40/40 MP: 21/21
  6615 | D:6      | Found a hide-covered altar of Uskayaw.
  6707 | D:5      | Reached skill level 4 in Dodging
  6974 | D:6      | Reached skill level 1 in Fighting
  7283 | D:7      | Reached skill level 5 in Dodging
  7294 | D:7      | Noticed Duvessa
  7297 | D:7      | Noticed Dowan
  7301 | D:7      | Killed Duvessa
  7345 | D:7      | Killed Dowan
  7626 | D:7      | Reached skill level 5 in Necromancy
  7737 | D:7      | Reached skill level 1 in Evocations
  7824 | D:7      | Reached skill level 6 in Dodging
  8061 | D:7      | Identified a scroll of acquirement
  8106 | D:8      | Found a staircase to the Lair.
  8242 | D:8      | Reached skill level 7 in Dodging
  8580 | D:8      | Reached skill level 8 in Dodging
  8755 | D:8      | Reached *** piety under Kikubaaqudgha
  8755 | D:8      | Identified Kikubaaqudgha's Guide on Unholy Rituals (Kikubaaqudgha gifted it to you on level 8 of the Dungeon)
  8755 | D:8      | Received a gift from Kikubaaqudgha
  8762 | D:8      | Learned a level 4 spell: Animate Dead
  8965 | D:8      | You fall through a shaft for 2 floors!
  8965 | D:10     | Entered Level 10 of the Dungeon
  8978 | D:10     | Upgraded the game from 0.22-a0-458-gb446440d2e to 0.22-a0-467-g5c5de1cb09
  8987 | D:10     | Noticed a gargoyle
  9049 | D:9      | Noticed a two-headed ogre
  9059 | D:9      | HP: 1/42 [two-headed ogre/giant club (22)]
  9077 | D:9      | Killed a two-headed ogre
  9077 | D:9      | Reached XP level 10. HP: 26/46 MP: 23/23
  9276 | D:9      | Found a sparkling altar of Nemelex Xobeh.
  9431 | D:9      | Reached skill level 9 in Dodging
  9439 | D:9      | Got a blackened whip
  9440 | D:9      | Identified the +7 whip of Contention {slash, rPois Stlth+} (You found it on level 9 of the Dungeon)
 10445 | D:10     | Noticed an unseen horror
 10497 | D:10     | Killed an unseen horror
 10584 | D:10     | Noticed an orc knight
 10841 | D:9      | HP: 2/47 [orc knight/stone (22)]
 10860 | D:9      | Slain by an orc knight

Vault maps used:
D:1:      minmay_arrival_widening_spiral_wide, minmay_tromino_v7
D:2:      kennysheep_potato
D:3:      grunt_temple_overflow_growth_and_decay, serial_bayou_pond_c
D:4:      gammafunk_temple_overflow_wave, minmay_temple_entry_mist,
          uniq_eustachio
D:5:      gup_ossuary_entry_pyramid, first_ration, minmay_misc_feat_plants,
          uniq_blork_the_orc
D:6:      eat_drink_and_be_merry_uskayaw, grunt_temple_overflow_open,
          uniq_prince_ribbit1
D:7:      uniq_duvessa
D:8:      dpeg_oklobed_lair
D:9:      nemelex_xobeh_ov_fountains_minmay
D:10:     minmay_the_grid_3x3, orc_0_dummy, trove_entry_hex_spiral
Temple:   dshaligram_water_room_temple
Ossuary:  ossuary_due_cavern

Skill      XL: |  1  2  3  4  5  6  7  8  9 10 |
---------------+-------------------------------+-----
Hexes          | 4 5 6 7 |  7.0
Stealth        | 5 6 7 8 |  8.6
Spellcasting   | 3 4 6 7 8 |  8.3
Short Blades   | 2 4 6 8 |  8.1
Necromancy     | 2 4 6 |  6.7
Dodging        | 8 9 |  9.9
Fighting       | 2 |  2.5
Evocations     | 3 |  3.1

Action                   |  1- 3 |  4- 6 |  7- 9 | 10-12 || total
-------------------------+-------+-------+-------+-------++-------
Melee: Dagger            |   126 |   151 |   142 |       ||   419
       Scimitar          |       |       |     8 |       ||     8
       Rapier            |       |       |    46 |   120 ||   166
       Short sword       |       |       |    20 |       ||    20
 Cast: Ensorcelled Hiber |    11 |    30 |    99 |    11 ||   151
       Tukima's Dance    |       |     2 |       |       ||     2
       Confuse           |       |     6 |    17 |     7 ||    30
       Animate Skeleton  |       |       |     9 |     1 ||    10
       Pain              |       |       |    10 |       ||    10
       Animate Dead      |       |       |       |     1 ||     1
Invok: Receive Corpses   |       |       |       |     2 ||     2
  Use: Scroll            |     7 |     6 |    11 |       ||    24
       Potion            |       |       |     8 |     1 ||     9
 Stab: Sleeping          |    16 |    29 |    76 |     5 ||   126
       Confused          |       |     1 |     6 |     2 ||     9
       Invisible         |       |       |     3 |       ||     3
       Distracted        |       |       |     1 |       ||     1
  Eat: Ration            |       |     1 |     3 |     1 ||     5
Armor: Robe              |    16 |    18 |    18 |    11 ||    63
Dodge: Dodged            |    98 |   122 |   226 |   115 ||   561
       Rpst.: Scimitar   |       |       |     6 |       ||     6

Table legend:
 A = Spawn XP
 B = Non-spawn XP
 C = Spawn XP percentage of total XP
 D = Spawn monster count
 E = Non-spawn monster count
 F = Spawn count percentage of total count
 G = Total turns spent on level
                    A         B        C        D         E        F      G
               +---------+---------+-------+---------+---------+-------+---------
         Total |       0 |    8941 |   0.0 |       0 |     204 |   0.0 | 10860
               +---------+---------+-------+---------+---------+-------+---------
           D:1 |       0 |      33 |   0.0 |       0 |      17 |   0.0 |   993
           D:2 |       0 |     212 |   0.0 |       0 |      35 |   0.0 |  1040
           D:3 |       0 |      30 |   0.0 |       0 |      15 |   0.0 |  1001
           D:4 |       0 |     612 |   0.0 |       0 |      16 |   0.0 |   979
           D:5 |       0 |     483 |   0.0 |       0 |      21 |   0.0 |  1620
           D:6 |       0 |    1406 |   0.0 |       0 |      29 |   0.0 |  1106
           D:7 |       0 |     806 |   0.0 |       0 |      12 |   0.0 |   830
           D:8 |       0 |    1269 |   0.0 |       0 |      23 |   0.0 |  1042
           D:9 |       0 |    2094 |   0.0 |       0 |      12 |   0.0 |  1436
          D:10 |       0 |    1470 |   0.0 |       0 |      10 |   0.0 |   310
       Ossuary |       0 |     526 |   0.0 |       0 |      14 |   0.0 |   412
               +---------+---------+-------+---------+---------+-------+---------
